 Dungeon Crawl Stone Soup version 0.30-a0-305-g026cb31310 (webtiles) character file.

Game seed: 5888010629550777009

19310 Zonian the Thaumaturge (level 13, -2/95 HPs)
             Began as a Djinni Ice Elementalist on Oct 22, 2022.
             Was a Priest of Ashenzari.
             Slain by a swamp worm (19 damage)
             ... on level 3 of the Lair of Beasts.
             The game lasted 00:57:01 (20632 turns).

Zonian the Thaumaturge (Djinni Ice Elementalist)   Turns: 20632, Time: 00:57:02

Health: -2/95      AC:  8    Str: 13    XL:     13   Next: 3%
Gold:   686        EV: 17    Int: 21    God:    Ashenzari [***...] SH:  0 Dex: 15

rFire   + + +      SeeInvis +    B - +9 war axe of Imbalance {flame, Fly rN+}
rCold   . . .      Faith    .    (no shield)
rNeg    + . .      Spirit   .    y - +0 steam dragon scales "Eternal Paranoia" {Melee, Fort} (curse)
rPois   ∞          Reflect  .    i - +0 helmet of the Fated Mistrust {Range, Fort} (curse)
rElec   .          Harm     .    E - scarf {rC+ rF+}
rCorr   .          Rampage  .    k - +1 pair of gloves "Ordeal of Ashenzari" {Cun, Range} (curse)
Will    +....      Clarity  +    (boots unavailable)
Stlth   ++++......               (no amulet)
HPRegen 0.35/turn                p - ring "I Foresaw This" {Str+6, Fort, Melee} (curse)
MPRegen 0.00/turn                (no ring)

@: about to teleport, flying
A: sickness immunity, fire resistance 2, cold vulnerability 1, float, innate
caster, HP casting, extra vitality 1
a: Renounce Religion, Shatter the Chains


You were on level 3 of the Lair of Beasts.
You worshipped Ashenzari.
Ashenzari was most pleased with you.
You visited 3 branches of the dungeon, and saw 13 of its levels.
You also visited: Bailey.

You collected 686 gold pieces.

Inventory:

Hand Weapons
 e - a +0 sling of freezing
 f - a +0 war axe of draining
 h - a +3 dagger
 o - a +1 whip of flaming
 r - a +0 dagger of venom
 t - a +0 rapier of speed
 u - a +0 sling
 B - the +9 war axe of Imbalance (weapon) {flame, Fly rN+}
   (You found it on level 1 of the Lair of Beasts)

   It burns those it strikes, dealing additional fire damage.
   Big, fiery blades are also staple armaments of hydra-hunters.
   rN:        It protects you from negative energy.
   Fly:       It grants you flight.
 D - a +0 scimitar of flaming
Missiles
 s - 13 poisoned darts
 A - 4 throwing nets
Armour
 a - a +0 robe
 c - a +0 ring mail
 i - the cursed +0 helmet of the Fated Mistrust (worn) {Range, Fort}
   (You found it on level 1 of the Dungeon)

   It has a curse which improves the following skills: Ranged Combat: Ranged
   Weapons and Throwing.
   Fortitude: Armour and Shields.
 k - the cursed +1 pair of gloves "Ordeal of Ashenzari" (worn) {Cun, Range}
   (You found it on level 2 of the Dungeon)

   It has a curse which improves the following skills: Cunning: Dodging and
   Stealth.
   Ranged Combat: Ranged Weapons and Throwing.
 n - a +0 leather armour
 y - the cursed +0 steam dragon scales "Eternal Paranoia" (worn) {Melee, Fort}
   (You found it on level 8 of the Dungeon)

   It has a curse which improves the following skills: Melee Combat: Short
   Blades, Long Blades, Axes, Maces & Flails, Polearms, Staves and Unarmed
   Combat.
   Fortitude: Armour and Shields.
 E - a scarf of resistance (worn)
Jewellery
 p - the cursed ring "I Foresaw This" (left hand) {Str+6, Fort, Melee}
   (You found it on level 3 of the Dungeon)

   [ring of strength]

   Str:       It affects your strength (+6).
   It has a curse which improves the following skills: Fortitude: Armour and
   Shields.
   Melee Combat: Short Blades, Long Blades, Axes, Maces & Flails, Polearms,
   Staves and Unarmed Combat.
Wands
 g - a wand of iceblast (2)
 m - a wand of charming (6)
 w - a wand of quicksilver (2)
 x - a wand of polymorph (11)
Scrolls
 b - 2 scrolls of teleportation
 j - a scroll of poison
 l - 2 scrolls of silence
 v - a scroll of magic mapping
Potions
 d - a potion of might
 C - 2 potions of haste


   Skills:
 - Level 9.7 Fighting
 - Level 2.6(4.6) Short Blades
 + Level 7.6(10.1) Axes
 - Level 8.1(9.7) Dodging
 - Level 6.6(8.3) Stealth
 - Level 9.9 Spellcasting


You couldn't memorise any spells.
You knew the following spells:

 Your Spells              Type           Power      Damage    Failure   Level
a - Freeze                Ice            100%       1d10      1%          1
b - Frozen Ramparts       Ice            100%       1d16      1%          3
c - Ozocubu's Armour      Ice            51%        N/A       1%          3
d - Summon Ice Beast      Ice/Summ       51%        N/A       1%          4
e - Beastly Appendage     Tmut           100%       N/A       1%          1
f - Wereblood             Tmut           51%        N/A       1%          2
g - Vhi's Electric Charg  Tloc/Air       100%       N/A       1%          3
h - Leda's Liquefaction   Hex/Erth       25%        N/A       1%          4
i - Lee's Rapid Deconstr  Erth           25%        3d14*     3%          5
j - Metabolic Englaciati  Hex/Ice        25%        N/A       3%          5
Your spell library was empty.

Dungeon Overview and Level Annotations

Branches:
Dungeon (9/15)             Temple (1/1) D:4            Lair (3/5) D:9
  Snake (0/4) Lair:2       Bailey (visited)
  Swamp: Lair:2-3    Shoals: Lair:2-3       Orc: D:9-12

Altars:
Ashenzari
Cheibriados
Dithmenos
Elyvilon
Fedhas
Gozag
Hepliaklqana
Makhleb
Nemelex Xobeh
Qazlal
Ru
Trog
Uskayaw
Wu Jian
Xom
Yredelemnul
Zin
The Shining One

Shops:
D:4 (   D:5 [

Annotations:
D:9 3 runed translucent doors, valliere's ghost, novice SpEn


Innate Abilities, Weirdness & Mutations

You are immune to sickness and miasma.
You are immune to poison.
Your flesh is very heat resistant. (rF++)
You are vulnerable to cold. (rC-)
You float through the air rather than walking.
You learn spells naturally, not from books.
Your magical power is your life essence.
You have superior vitality. (+4 MHP)


Message History

You closely miss the swamp worm.
You punch the swamp worm, but do no damage.
The swamp worm is lightly wounded.
The swamp worm bites you!
You closely miss the swamp worm.
The swamp worm is lightly wounded.
The swamp worm completely misses you.
You closely miss the swamp worm.
The swamp worm is lightly wounded.
The swamp worm bites you. The swamp worm closely misses you.
A rime drake comes into view.
The rime drake hisses angrily.
You slash the swamp worm! You burn the swamp worm.
The swamp worm is heavily wounded.
The swamp worm misses you.
You closely miss the swamp worm.
The swamp worm is heavily wounded.
The swamp worm bites you! The rime drake breathes ice at you.
The flash freeze hits you!
* * * LOW HITPOINT WARNING * * *
You are encased in ice.
Okay, then.
Okay, then.
Aiming: Charm
Press: ? - help, Shift-Dir - straight line, f - swamp worm
Aim: a swamp worm (heavily wounded, chance to affect: 57%)
Okay, then.
Okay, then.
Casting: Beastly Appendage (safe; 1% risk of failure)
Confirm with . or Enter, or press ? or * to list all spells.
Okay, then.
Okay, then.
As you read the scroll of teleportation, it crumbles to dust.
You feel strangely unstable. The swamp worm bites you!
* * * LOW HITPOINT WARNING * * *
You feel better. The ice encasing you melts away. The swamp worm bites you!!
You die...

, #....###....# *
#....##.....# , , *
##...###...## + ,*
#...* #...# , , ,,
..###...##*, 8, * ,
* ♣........##* * ,
* * ♣♣♣♣♣♣....# ~~
~ ♣~≈~♣♣♣.$### ,
,♣.w@..⌠...# * *
♣.........⌠.k.....
*
~≈~≈~≈≈♣♣♣........#
♣♣♣♣♣♣♣ .........#
* , ......##### *,
**,,....### *
....P# ** * , , * *
..# , , , , , ,


You could see a swamp worm and a rime drake (catching breath).

Vanquished Creatures
  Harold (Lair:2)
  Erica (Lair:2)
  A boulder beetle (D:8)
  Pikel (D:8)
  A manticore (D:8)
  Joseph (D:8)
  3 black mambas (Lair:1)
  5 cane toads
  3 rime drakes
  2 komodo dragons (Lair:1)
  2 polar bears
  A hornet (D:9)
  Prince Ribbit (D:7)
  3 blink frogs (Lair:1)
  2 wyverns
  29 yaks
  A swamp worm (Lair:3)
  8 water moccasins
  2 sky beasts
  5 orc warriors
  An ogre (D:5)
  4 ice beasts
  A black bear (D:3)
  A wolf (D:9)
  A centaur (D:8)
  4 phantoms
  4 lemures (D:8)
  2 kobold brigands
  2 necrophages
  12 bullfrogs
  2 gnoll sergeants
  3 wights
  14 killer bees
  3 electric eels
  8 howler monkeys
  A crimson imp (D:6)
  2 jellies
  2 hounds
  8 orc priests
  4 iguanas
  4 orc wizards
  12 gnolls
  7 adders
  2 ufetubi
  3 worms
  3 dart slugs
  30 orcs
  4 ball pythons (D:2)
  2 endoplasms (D:1)
  2 giant cockroaches
  5 goblins
  7 hobgoblins
  8 kobolds
  2 quokkas
  4 bats
  3 rats
250 creatures vanquished.

Vanquished Creatures (collateral kills)
  A hydra (Lair:2)
  A yak (Lair:1)
  A steam dragon (D:8)
  A water moccasin (D:8)
  A centaur (D:8)
  A bullfrog (Lair:1)
6 creatures vanquished.

Vanquished Creatures (others)
  An ogre (D:5)
  A gnoll sergeant (D:5)
  A scorpion (D:5)
  A hound (D:5)
  A gnoll (D:5)
  An adder (D:5)
  A dart slug (D:5)
  An orc (D:9)
  18 fungi
  16 plants
42 creatures vanquished.

Grand Total: 298 creatures vanquished

Notes
Turn   | Place    | Note
-------+----------+-------------------------------------------
     0 | D:1      | Zonian the Djinni Ice Elementalist began the quest for the
                  | Orb.
     0 | D:1      | Zonian set off with the following spells memorised: Freeze,
                  | Frozen Ramparts, Ozocubu's Armour, Summon Ice Beast.
     0 | D:1      | Reached XP level 1. HP: 15/15 MP: 0/0
   455 | D:1      | Reached XP level 2. HP: 21/21 MP: 0/0
   747 | D:2      | Reached XP level 3. HP: 22/25 MP: 0/0
   747 | D:2      | Learned a level 1 spell: Beastly Appendage
  1112 | D:2      | Reached XP level 4. HP: 28/31 MP: 0/0
  1404 | D:3      | Found a sparkling altar of Nemelex Xobeh.
  1411 | D:3      | Found a hazy altar of Hepliaklqana.
  1973 | D:3      | Reached XP level 5. HP: 27/35 MP: 0/0
  1973 | D:3      | Learned a level 2 spell: Wereblood
  2015 | D:3      | HP: 1/35 [gnoll/+0 whip (8)]
  2295 | D:3      | Reached XP level 6. HP: 32/40 MP: 0/0
  2334 | D:3      | Found a stormy altar of Qazlal.
  2711 | D:3      | Found a shadowy altar of Dithmenos.
  2716 | D:3      | Noticed a black bear
  2732 | D:3      | Killed a black bear
  2857 | D:4      | Found a staircase to the Ecumenical Temple.
  2897 | Temple   | Entered the Ecumenical Temple
  2933 | Temple   | Became a worshipper of Ashenzari the Shackled
  2970 | D:4      | Found Sefowar's Antique Weapon Boutique.
  2987 | D:4      | Reached XP level 7. HP: 38/45 MP: 0/0
  2987 | D:4      | Learned a level 3 spell: Vhi's Electric Charge
  3791 | D:4      | Reached skill level 5 in Dodging
  4309 | D:5      | Entered Level 5 of the Dungeon
  4309 | D:5      | Found Xiberici's Armour Emporium.
  4693 | D:5      | Found a shimmering altar of Xom.
  5310 | D:5      | Found a blossoming altar of Fedhas.
  5361 | D:5      | Reached XP level 8. HP: 47/50 MP: 0/0
  5370 | D:5      | Reached skill level 5 in Spellcasting
  5856 | D:5      | Reached skill level 5 in Stealth
  6269 | D:5      | Found a hide-covered altar of Uskayaw.
  6416 | D:6      | Found a burning altar of Makhleb.
  7279 | D:6      | Found a basalt altar of Yredelemnul.
  7533 | D:6      | Reached * piety under Ashenzari
  7680 | D:6      | Reached XP level 9. HP: 54/55 MP: 0/0
  7680 | D:6      | Learned a level 4 spell: Leda's Liquefaction
  8095 | D:6      | Found a snail-covered altar of Cheibriados.
  8211 | D:7      | Noticed Prince Ribbit
  8489 | D:7      | Found a flagged portal.
  8667 | Bailey   | Entered a bailey
  9877 | D:7      | Killed Prince Ribbit
  9878 | D:7      | Reached skill level 1 in Fighting
 10050 | D:7      | Reached XP level 10. HP: 45/67 MP: 0/0
 10442 | D:7      | Reached ** piety under Ashenzari
 10486 | D:8      | Reached skill level 5 in Fighting
 10871 | D:8      | Noticed Pikel
 10888 | D:8      | Killed Pikel
 11467 | D:8      | Noticed a boulder beetle
 11478 | D:8      | Noticed Joseph
 11478 | D:8      | Noticed a manticore
 11510 | D:8      | Identified the cursed +0 helmet of the Fated Mistrust
                  | {Range, Fort} (You found it on level 1 of the Dungeon)
 11646 | D:8      | Killed a boulder beetle
 11959 | D:8      | HP: 2/75 [manticore (17)]
 11963 | D:8      | Killed a manticore
 12201 | D:8      | Reached XP level 11. HP: 79/81 MP: 0/0
 12201 | D:8      | Learned a level 5 spell: Lee's Rapid Deconstruction
 12399 | D:8      | Found a glowing silver altar of Zin.
 12399 | D:8      | Found a white marble altar of Elyvilon.
 12413 | D:8      | Found a glowing golden altar of the Shining One.
 12503 | D:8      | Killed Joseph
 12968 | D:9      | Reached *** piety under Ashenzari
 13714 | D:9      | Found a runed translucent gate.
 13714 | D:9      | Found a runed translucent gate.
 13714 | D:9      | Found a runed translucent gate.
 13719 | D:9      | Noticed valliere's ghost (novice SpEn)
 14031 | D:9      | Reached skill level 1 in Short Blades
 15721 | D:9      | Found a staircase to the Lair.
 15733 | Lair:1   | Entered Level 1 of the Lair of Beasts
 15755 | Lair:1   | HP: 4/85 [black mamba (10)]
 15762 | Lair:1   | HP: 4/85 [black mamba (10)]
 16749 | Lair:1   | Reached XP level 12. HP: 62/94 MP: 0/0
 17536 | Lair:1   | Identified the +9 war axe of Imbalance {flame, Fly rN+}
 17810 | Lair:1   | Reached skill level 1 in Axes
 18603 | Lair:2   | Noticed an eight-headed hydra
 19047 | Lair:2   | Found a staircase to the Snake Pit.
 19233 | Lair:2   | Noticed Erica
 19249 | Lair:2   | Killed Erica
 19293 | Lair:2   | Identified the +5 plate armour "Waecerorph" {Str+5 Int-2}
 19402 | Lair:2   | Reached skill level 5 in Axes
 19787 | Lair:2   | Noticed Harold
 19797 | Lair:2   | Killed Harold
 19811 | Lair:2   | Killed a seven-headed hydra
 20544 | Lair:3   | Reached XP level 13. HP: 99/99 MP: 0/0
 20544 | Lair:3   | Learned a level 5 spell: Metabolic Englaciation
 20547 | Lair:3   | Identified a scroll of acquirement
 20566 | Lair:3   | Acquired a scarf of resistance
 20632 | Lair:3   | Slain by a swamp worm

Illustrated notes

Levels and vault maps discovered:
D:1:      scummos_arrival_checkerplants, layout_loops_ring,
          minmay_tree_intersection
D:2:      layout_basic
D:3:      layout_rooms, mainiacjoe_overflow_small_starburst,
          grunt_dithmenos_smoke_and_mirrors, minitemple
D:4:      layout_basic, minmay_temple_entry_tees, serial_shops, shop
D:5:      layout_cave_pools, nicolae_uskayaw_suspiria,
          nicolae_overflow_crystal_walls, xom_confusion_cloud, serial_shops,
          shop
D:6:      layout_loops_ring, makhleb_grotto_becter, slow_altar_2,
          mainiacjoe_overflow_24_doors
D:7:      nicolae_cairo_tiling_large_dashed, layout_basic, enter_bailey_3,
          uniq_prince_ribbit1
D:8:      layout_basic, dreamdust_divine_triumvirate, minmay_misc_feat_alley,
          hangedman_abyss_or_decor_clamps, kennysheep_pointless_box,
          minmay_diced_spiral, uniq_joseph, uniq_pikel
D:9:      layout_basic, hellmonk_lair_entry_icy, gammafunk_ghost_necromancy
Temple:   dpeg_three_leaves_temple
Lair:1:   layout_regular_city
Lair:2:   layout_roguey, dummy_snake_entry, wad_woods_road_02, uniq_erica,
          uniq_harold
Lair:3:   layout_concentric_octagons, nicolae_swamp_entry_splash_gauntlet,
          lemuel_oklob_altar, serial_bayou_shore_a, grunt_megastairs_2,
          lemuel_fruit_fields

Skill      XL: |  1  2  3  4  5  6  7  8  9 10 11 12 |
---------------+-------------------------------------+-----
Stealth        | 2 3 4 5 6 |  6.6
Dodging        | 3 4 5 7 8 |  8.1
Spellcasting   | 4 5 6 8 9 |  9.9
Fighting       | 3 6 9 |  9.7
Short Blades   | 2 |  2.6
Axes           | 7 |  7.6

Action                   |  1- 3 |  4- 6 |  7- 9 | 10-12 | 13-15 || total
-------------------------+-------+-------+-------+-------+-------++-------
Melee: War axe           |    14 |    32 |    72 |   121 |    17 ||   256
       Dagger            |    23 |     5 |   313 |   319 |       ||   660
       Punch             |     1 |     1 |     4 |     8 |     1 ||    15
       Headbutt          |       |       |    24 |    26 |       ||    50
       Rapier            |       |       |    80 |    69 |       ||   149
 Fire: Sling             |       |       |       |    12 |       ||    12
Throw: Dart              |       |       |       |     7 |       ||     7
 Cast: Freeze            |    25 |    20 |     9 |       |       ||    54
       Frozen Ramparts   |       |     4 |    20 |    30 |       ||    54
       Ozocubu's Armour  |       |     1 |     4 |     5 |       ||    10
       Beastly Appendage |       |       |     7 |     8 |       ||    15
       Vhi's Electric Ch |       |       |     3 |     2 |       ||     5
       Summon Ice Beast  |       |       |       |    11 |       ||    11
       Leda's Liquefacti |       |       |       |     3 |       ||     3
       Lee's Rapid Decon |       |       |       |    10 |       ||    10
       Wereblood         |       |       |       |     2 |       ||     2
Invok: Curse Item        |       |       |     2 |     3 |       ||     5
       Shatter the Chain |       |       |       |       |     1 ||     1
Evoke: Wand              |       |       |     1 |    17 |       ||    18
  Use: Scroll            |       |     1 |    11 |     7 |     2 ||    21
       Potion            |       |       |     1 |     4 |     1 ||     6
 Stab: Sleeping          |     3 |       |     6 |    10 |       ||    19
Armor: Robe              |    12 |    15 |     6 |       |       ||    33
       Leather armour    |       |       |   135 |    25 |       ||   160
       Steam dragon scal |       |       |       |   103 |     3 ||   106
Dodge: Dodged            |    40 |    46 |   379 |   417 |    10 ||   892

Table legend: (Time is in decaauts)
 A = Elapsed time spent in this place.
 B = Non-inter-level travel time spent in this place.
 C = Inter-level travel time spent in this place.
 D = Time resting spent in this place.
 E = Time spent auto-exploring this place.
 F = Levels seen in this place.
 G = Mean time per level.
                   A        B        C        D        E       F      G
               +--------+--------+--------+--------+--------+-----+--------+
         Total |  20648 |  20268 |    380 |  11180 |   5118 |  14 | 1474.9 |
       Dungeon |  15525 |  15222 |    303 |   7983 |   4289 |   9 | 1725.0 |
        Temple |     46 |     36 |     10 |      0 |     24 |   1 |   46.0 |
          Lair |   4881 |   4815 |     66 |   3095 |    805 |   3 | 1627.0 |
        Bailey |    194 |    194 |      0 |    102 |      0 |   1 |  194.0 |
               +--------+--------+--------+--------+--------+-----+--------+

Top non-repeatable levels by time:
  Lair:1: 3233 daAuts
     D:9: 2706 daAuts
     D:8: 2581 daAuts
     D:5: 1982 daAuts
     D:7: 1842 daAuts
     D:4: 1842 daAuts
     D:6: 1504 daAuts
     D:3: 1328 daAuts
  Lair:2: 1250 daAuts
     D:2: 1123 daAuts
     D:1: 613 daAuts
  Lair:3: 397 daAuts
  Bailey: 194 daAuts
  Temple: 46 daAuts
